 Dungeon Crawl Stone Soup version 0.20.0-10-g0535bb4 (webtiles) character file.

35 McKennaii the Skirmisher (level 3, -2/29 HPs)
             Began as a Demonspawn Fighter on June 5, 2017.
             Slain by a gnoll
             ... wielding a +0 halberd
              (5 damage)
             ... on level 2 of the Dungeon.
             The game lasted 00:01:16 (918 turns).

McKennaii the Skirmisher (Demonspawn Fighter)        Turns: 918, Time: 00:01:17

Health: -2/29      AC:  9    Str: 16    XL:     3   Next: 17%
Magic:  3/3        EV:  6    Int: 11    God:
Gold:   67         SH:  8    Dex: 13    Spells: 2/2 levels left

rFire    . . .     SeeInvis .   a - +0 long sword
rCold    . . .     Gourm    .   c - +0 shield
rNeg     . . .     Faith    .   b - +0 scale mail
rPois    .         Spirit   .   i - +0 helmet
rElec    .         Reflect  .   (no cloak)
rCorr    .         Harm     .   (no gloves)
MR       .....                  (no boots)
Stlth    ..........             (no amulet)
Regen    0.1/turn               l - +2 ring of intelligence
MPRegen  0.1/turn               (no ring)

@: no status effects
A: talons 1, iridescent scales 1
a: no special abilities


You were on level 2 of the Dungeon.
You were not hungry.

You visited 1 branch of the dungeon, and saw 2 of its levels.

You collected 67 gold pieces.

Inventory:

Hand Weapons
 a - a +0 long sword (weapon)
Armour
 b - a +0 scale mail (worn)
 c - a +0 shield (worn)
 i - a +0 helmet (worn)
Jewellery
 l - a +2 ring of intelligence (left hand)
Scrolls
 e - a scroll of blinking {unknown}
 g - a scroll of remove curse {unknown}
 h - a scroll of random uselessness {unknown}
 k - a scroll of fear {unknown}
 n - 2 scrolls of immolation {unknown}
Potions
 d - a potion of might
 o - a potion of heal wounds {unknown}
Comestibles
 f - 2 bread rations
 j - 2 royal jellies
 m - a meat ration


   Skills:
 + Level 3.5 Fighting
 + Level 2.2 Long Blades
 + Level 3.1 Armour
 + Level 2.7 Shields


You had 2 spell levels left.
You didn't know any spells.

Dungeon Overview and Level Annotations

Branches:
Dungeon (2/15)

Altars:


Innate Abilities, Weirdness & Mutations

You have sharp toenails.
You are partially covered in iridescent scales. (AC +2)


Message History

The gnoll hits you but does no damage. x2
You hit the gnoll.
The gnoll is moderately wounded.
The gnoll hits you with a whip.
The gnoll hits you from afar with a halberd.
You barely miss the gnoll. You claw the gnoll, but do no damage.
The gnoll is lightly wounded.
The gnoll hits you with a whip. You block the gnoll's attack. x2
You hit the gnoll but do no damage. You claw the gnoll, but do no damage.
The gnoll is lightly wounded.
The gnoll hits you from afar with a halberd.
The gnoll hits you with a whip.
You hit the gnoll.
The gnoll is heavily wounded.
The gnoll hits you from afar with a halberd!
* * * LOW HITPOINT WARNING * * *
The gnoll hits you with a whip.
* * * LOW HITPOINT WARNING * * *
The gnoll hits you from afar with a halberd.
You die...

...............
.........?....#
#.............#
#.............#
#.............#.#
#......g......#.#
#rgl.....#.#
##g#######.# #@#
#.# #.## #.#
##..######.####.#
#.....†.........#
#....#####.########
#....+.............
#....#####.########
#..... #.# #<
#####.# #.# #.


You could see 3 gnolls, a frilled lizard and a rat.

Vanquished Creatures
  A gnoll (D:2)
  A dart slug (D:1)
  A ball python (D:1)
  4 bats (D:1)
  A giant cockroach (D:1)
  2 goblins (D:1)
  4 hobgoblins (D:1)
  3 frilled lizards
  2 kobolds (D:1)
  6 rats
25 creatures vanquished.

Notes
Turn   | Place    | Note
-------+----------+-------------------------------------------
     0 | D:1      | McKennaii the Demonspawn Fighter began the quest for the Orb.
     0 | D:1      | Reached XP level 1. HP: 18/18 MP: 1/1
   203 | D:1      | Gained mutation: You are partially covered in iridescent scales. (AC +2) [demonic ancestry]
   203 | D:1      | Reached XP level 2. HP: 12/24 MP: 2/2
   908 | D:2      | Gained mutation: You have sharp toenails. [demonic ancestry]
   908 | D:2      | Reached XP level 3. HP: 29/29 MP: 3/3
   918 | D:2      | Slain by a gnoll

Skill      XL: |  1  2 |
---------------+-------+-----
Long Blades    | 2 |  2.2
Armour         | 3 |  3.1
Fighting       | |  3.5
Shields        | |  2.7

Action                   || total
-------------------------++-------
Melee: Long sword        ||    61
       Kick              ||     3
Armor: Scale mail        ||    45
Dodge: Dodged            ||    15
Block: Shield            ||    27
       Rpst.: Long sword ||     6
